 Dungeon Crawl Stone Soup version 0.17-a0-2231-gd80ca38 (webtiles) character file.

18 ololoev the Insei (level 2, 2/24 HPs)
             Began as a Demonspawn Monk on Oct 29, 2015.
             Quit the game on level 4 of the Dungeon.
             The game lasted 00:02:34 (298 turns).

ololoev the Insei (Demonspawn Monk)                  Turns: 298, Time: 00:02:34

Health: 2/24       AC:  6    Str: 11    XL:     2   Next: 48%
Magic:  2/2        EV: 11    Int: 11    God:
Gold:   22         SH:  0    Dex: 15    Spells: 0 memorised, 1 level left

rFire  . . .     SeeInvis .       - Unarmed
rCold  . . .     Clarity  .     d - +1 ring mail
rNeg   . . .     SustAt   .     (no shield)
rPois  .         Gourm    .     (no helmet)
rElec  .         Spirit   .     (no cloak)
rCorr  .         Warding  .     (no gloves)
rMut   .         Stasis   .     (no boots)
MR     .....                    a - amulet of inaccuracy (curse)
Stlth  ++........               (no ring)
                                (no ring)

@: not resistant to hostile enchantments, unstealthy
A: nightstalker 1
a: no special abilities


Innate Abilities, Weirdness & Mutations

You are slightly more attuned to the shadows.

Inventory:

Armour
 d - a +1 ring mail (worn)
Jewellery
 a - a cursed amulet of inaccuracy (around neck)
Scrolls
 e - a scroll of identify
Comestibles
 b - a bread ration


   Skills:
 - Level 3.0 Fighting
 + Level 0.6 Armour
 - Level 2.6 Dodging
 - Level 1.7 Stealth
 * Level 4.1 Unarmed Combat


You had one spell level left.
You didn't know any spells.


You were on level 4 of the Dungeon.
You were not hungry.

You visited 1 branch of the dungeon, and saw 4 of its levels.

You collected 22 gold pieces.

..o.# #+###
##$..# ....#
#..oo##..%.#
#...o......#
#.....o....#
#.....$....+
#..........#
#.....†....#
#.....@....#
#.....#....#
##>...######
####.# ###

Notes
Turn   | Place    | Note
--------------------------------------------------------------
     0 | D:1      | ololoev the Demonspawn Monk began the quest for the Orb.
     0 | D:1      | Reached XP level 1. HP: 18/18 MP: 1/1
   132 | D:3      | Noticed ololoev's ghost (weakling DsFi)
   148 | D:2      | You fall through a shaft!
   235 | D:3      | Gained mutation: You are slightly more attuned to the shadows. [demonic ancestry]
   235 | D:3      | Reached XP level 2. HP: 20/24 MP: 2/2
   259 | D:3      | Reached skill level 4 in Unarmed Combat
   298 | D:4      | Quit the game

Dungeon Overview and Level Annotations

Branches:
Dungeon (4/15)
 Temple: D:4-7

Altars:

Annotations:
D:3 ololoev's ghost, weakling DsFi


Message History

e - 2 scrolls labeled QETIDEA YGYTS
Things that are here:
a flail; a leather armour; an orc corpse Read which item? (? for menu, Esc to quit)
As you read the scroll labeled QETIDEA YGYTS, it crumbles to dust.
It is a scroll of identify.
Identify which item? (\ to view known items) (? for menu, Esc to quit)
c - a scroll of noise Drop what? 5/52 slots (_ for help) (? for menu, Esc to quit)
You drop a scroll of noise.
Things that are here:
a mace; a club; an orc corpse
Items here: ) ? [ † a scroll of noise; a flail; a leather armour; an orc corpse You see here a hobgoblin corpse.
An adder comes into view.
Found 9 gold pieces.
There is a stone staircase leading down here.
You climb downwards.
An orc comes into view. It is wielding a dagger.
Found 9 gold pieces and a bread ration.
Found a stone staircase leading down.
There is a stone staircase leading up here.
An orc comes into view.
Found 8 gold pieces.
The orc shouts! 2 orcs and an orc priest come into view.
The orc moves out of view.
Found a stone staircase leading down.
There is a stone staircase leading up here.
The orc priest shouts!
You punch the orc!
The orc is severely wounded.
The orc misses you.
The orc shouts!
You punch the orc!
You kill the orc!
The orc priest calls down the wrath of Beogh upon you.
Something smites you!
Ouch! That really hurt!
Are you sure you want to abandon this character and quit the game? (Confirm with "yes".)

You could see an orc priest and 3 orcs.

Vanquished Creatures
  4 orcs
  2 bats (D:1)
  A giant cockroach (D:3)
  A goblin (D:3)
  A hobgoblin (D:3)
  2 giant newts
  A kobold (D:1)
  2 rats (D:3)
14 creatures vanquished.

Action                   || total
-------------------------++-------
Melee: Unarmed           ||    54
  Use: Scroll            ||     2
 Stab: Sleeping          ||     4

Vault maps used:
D:1:      dpeg_arrival_ternary, minmay_distorted
D:2:      grunt_temple_overflow_open, glass_columns_a
D:3:      uniq_sigmund
D:4:      temple_green, first_bread
